 Dungeon Crawl Stone Soup version 0.31-a0-965-g8a8ce12e04 (webtiles) character file.

Game seed: 10839615633926175644

2929 Maxmaps the Grappler (level 9, -22/96 HPs)
             Began as an Octopode Shapeshifter on Oct 27, 2023.
             Was an Initiate of Gozag.
             Annihilated by a two-headed ogre
             ... wielding a +0 giant spiked club
              (29 damage)
             ... on level 6 of the Dungeon.
             The game lasted 00:06:10 (5858 turns).

Maxmaps the Grappler (Octopode Shapeshifter)        Turns: 5858, Time: 00:06:10

Health: -22/96     AC:  2    Str: 13    XL:     9   Next: 79%
Magic:  9/9        EV: 13    Int: 16    God:    Gozag
Gold:   750        SH:  5    Dex: 12    Spells: 8/8 levels left

rFire   . .          .
                       - Unarmed
rCold   . . .        (no shield)
rNeg    . . .        g - +1 hat "Iviad" {rPois Slay+3}
rPois   +            p - amulet of reflection
rElec   .            d - ring of wizardry
rCorr   .            o - ring of wizardry
SInv    .            (no ring)
Will    .....        (no ring) Stlth
                     (no ring)
HPRegen 0.36/turn    (no ring)
MPRegen 0.11/turn    (no ring)
                     (no ring)

%: reflection, wizardry (x2)
@: berserking, gold aura, very quick
A: almost no armour, amphibious, 8 rings, camouflage 1, gelatinous body 1,
(nimble swimmer 1), tentacles
a: Renounce Religion, Potion Petition, Call Merchant, Bribe Branch


You were on level 6 of the Dungeon.
You worshipped Gozag.
Gozag was pleased with you.
You visited 2 branches of the dungeon, and saw 9 of its levels.

You collected 816 gold pieces.
You paid 66 gold pieces to Gozag.

Inventory:

Armour
 g - the +1 hat "Iviad" (worn) {rPois Slay+3}
   (You acquired it on level 2 of the Dungeon)

   Slay+3:    It affects your accuracy & damage with ranged weapons and melee
   (+3).
   rPois:     It protects you from poison
Jewellery
 d - a ring of wizardry (left tentacle)
 i - a ring of flight
 o - a ring of wizardry (right tentacle)
 p - an amulet of reflection (around mantle)
 y - a ring of fire
 z - a +4 ring of protection
Talismans
 b - a beast talisman
 c - a flux talisman
 D - a dragon-blood talisman
Wands
 h - a wand of charming (7)
Scrolls
 k - a scroll of revelation
 l - a scroll of torment
 t - a scroll of enchant armour
 w - a scroll of vulnerability
 x - 2 scrolls of brand weapon
Potions
 a - 2 potions of lignification
 e - a potion of attraction
 f - 4 potions of haste
 m - a potion of degeneration
 r - 3 potions of curing


   Skills:
 + Level 7.1 Fighting
 - Level 2.0 Dodging
 - Level 11.0 Unarmed Combat
 - Level 4.4 Shapeshifting


You had 8 spell levels left.
You didn't know any spells.
Your spell library contained the following spells:

 Spells                   Type           Power      Damage    Failure   Level
 Magic Dart               Conj           0%         1d3       7%          1
 Sandblast                Erth           0%         2d4       7%          1
 Passwall                 Tmut/Erth      0%         N/A       11%         2
 Searing Ray              Conj           0%         2d4       11%         2
 Stone Arrow              Conj/Erth      0%         3d7       19%         3
 Tukima's Dance           Hex            0%         N/A       19%         3
 Brom's Barrelling Bould  Conj/Erth      0%         2d3       50%         4
 Dimensional Bullseye     Hex/Tloc       0%         N/A       50%         4
 Fulminant Prism          Conj/Hex       0%         3d5       50%         4
 Iskenderun's Mystic Bla  Conj/Tloc      0%         2d3       50%         4


Dungeon Overview and Level Annotations

Branches:
Dungeon (8/15)             Temple (1/1) D:4
   Lair: D:8-11

Altars:
Cheibriados
Dithmenos
Elyvilon
Fedhas
Gozag
Kikubaaqudgha
Nemelex Xobeh
Qazlal
Ru
Sif Muna
Trog
Uskayaw
Xom
Zin
The Shining One

Shops:
D:5 :   D:6 *

Annotations:
D:8 Jeremiah


Innate Abilities, Weirdness & Mutations

You cannot wear most types of armour.
You are amphibious.
You can wear up to eight rings at the same time.
Your skin changes colour to match your surroundings (Stealth+).
Your rubbery body absorbs attacks. (AC +1, EV +1)
((You are camouflaged when in or above water. (Stealth+)))
You have tentacles for arms and can constrict up to eight enemies at once.


Message History

Pikel burns you.
You tentacle-slap Pikel but do no damage.
You tentacle-slap Pikel, but do no damage.
You squeeze Pikel.
Pikel is severely wounded.
You constrict Pikel, but do no damage. You block Pikel's attack.
You tentacle-slap Pikel but do no damage.
Pikel is severely wounded.
You constrict Pikel, but do no damage. You bludgeon Pikel!
You tentacle-slap Pikel. You squeeze Pikel.
You kill Pikel!
With Pikel's spell broken, his former minions thank you for their freedom.
The lemure departs this earthly plane. x2
Your Fighting skill gained 2 levels and is now at level 7!
You barely miss the two-headed ogre. The two-headed ogre misses you.
The two-headed ogre hits you with a +0 giant club!
You barely miss the two-headed ogre. You tentacle-slap the two-headed ogre.
The two-headed ogre is lightly wounded.
The two-headed ogre hits you with a +0 giant spiked club!!
* * * LOW HITPOINT WARNING * * *
You block the two-headed ogre's attack.
Okay, then.
A red film seems to cover your vision as you go berserk!
You feel yourself moving faster!
You feel mighty!
You barely miss the two-headed ogre.
The two-headed ogre is lightly wounded.
The two-headed ogre hits you with a +0 giant spiked club!!
* * * LOW HITPOINT WARNING * * *
You block the two-headed ogre's attack.
You bludgeon the two-headed ogre!
The two-headed ogre is moderately wounded.
You barely miss the two-headed ogre. You squeeze the two-headed ogre!
The two-headed ogre is heavily wounded.
You barely miss the two-headed ogre.
The two-headed ogre is heavily wounded.
The two-headed ogre closely misses you.
The two-headed ogre hits you with a +0 giant club!!
You die...
Your body crumbles into a pile of gold.

# #<..# #.......# # #...#
#.. ....# ### #...#
#)##.#.##O.
bb#####...#####.........#
bb................$.....#
bb.................<..###
∩b......................#
#b#####...######O###.#..#
b# ###...### #@# .# ?. ##
#.......# #.......##
#.#...#.# #####.###
#.#...#.# #.#...#.#
#.#>..#.# #.##.##.#
#####.......###
.>............#


You could see a two-headed ogre.

Vanquished Creatures
  Pikel (D:6)
  Prince Ribbit (D:7)
  3 yaks (D:6)
  The ghost of Maxmaps the Sneak, an amateur OpMo (D:3)
  2 water moccasins (D:6)
  4 ogres
  A centaur (D:6)
  2 phantoms
  A kobold brigand (D:7)
  A lemure (D:6)
  2 bullfrogs
  A scorpion (D:5)
  3 wights (D:7)
  3 howler monkeys (D:6)
  2 hounds
  An orc priest (D:8)
  2 jellies
  A sleepcap (D:6)
  2 iguanas (D:5)
  An orc wizard (D:7)
  10 adders
  2 white imps
  2 ufetubi (D:6)
  2 worms
  5 dart slugs
  13 orcs
  8 endoplasms
  3 giant cockroaches
  5 goblins
  8 hobgoblins
  6 quokkas
  6 ball pythons
  5 bats
  4 frilled lizards
  11 kobolds
  6 rats
131 creatures vanquished.

Notes
Turn   | Place    | Note
-------+----------+-------------------------------------------
     0 | D:1      | Maxmaps the Octopode Shapeshifter began the quest for the
                  | Orb.
     0 | D:1      | Reached XP level 1. HP: 13/13 MP: 1/1
    73 | D:1      | Reached XP level 2. HP: 14/18 MP: 2/2
   278 | D:1      | Reached XP level 3. HP: 13/23 MP: 3/3
   995 | D:2      | Identified a scroll of acquirement
   995 | D:2      | Acquired the +1 hat "Iviad" {rPois Slay+3}
  1105 | D:3      | Reached XP level 4. HP: 21/28 MP: 4/4
  1256 | D:3      | Reached skill level 4 in Unarmed Combat
  1276 | D:3      | Noticed Maxmaps's ghost (amateur OpMo)
  1279 | D:3      | Found a runed translucent door.
  1451 | D:3      | Reached XP level 5. HP: 33/33 MP: 5/5
  1724 | D:3      | Killed Maxmaps's ghost
  1725 | D:3      | Reached skill level 5 in Unarmed Combat
  1725 | D:3      | Reached XP level 6. HP: 38/38 MP: 6/6
  1934 | D:4      | Found an opulent altar of Gozag.
  1952 | D:4      | Became a worshipper of Gozag Ym Sagoz the Greedy
  2176 | D:4      | Reached skill level 6 in Unarmed Combat
  2420 | D:4      | Found a staircase to the Ecumenical Temple.
  2647 | Temple   | Entered the Ecumenical Temple
  2668 | D:5      | Entered Level 5 of the Dungeon
  2735 | D:5      | Reached XP level 7. HP: 40/43 MP: 7/7
  2849 | D:5      | Reached skill level 7 in Unarmed Combat
  2886 | D:5      | Found Iloesixt's Self-Improvement Boutique.
  3381 | D:5      | Reached skill level 8 in Unarmed Combat
  3460 | D:5      | You fall into a shaft and drop 3 floors!
  3548 | D:8      | Reached XP level 8. HP: 48/48 MP: 8/8
  3574 | D:8      | Noticed Jeremiah
  3612 | D:7      | Reached skill level 9 in Unarmed Combat
  4218 | D:7      | Noticed Prince Ribbit
  4225 | D:7      | Killed Prince Ribbit
  4226 | D:7      | Reached skill level 10 in Unarmed Combat
  5392 | D:6      | Reached skill level 11 in Unarmed Combat
  5392 | D:6      | Reached XP level 9. HP: 4/53 MP: 9/9
  5627 | D:6      | Found Kum Xeif's Assorted Antiques.
  5699 | D:6      | Reached skill level 5 in Fighting
  5835 | D:6      | Noticed Pikel
  5840 | D:6      | Noticed a two-headed ogre
  5850 | D:6      | Killed Pikel
  5858 | D:6      | Annihilated by a two-headed ogre

Illustrated notes

Levels and vault maps discovered:
D:1:      dpeg_arrival_simpleton_c, layout_rooms, minmay_pentomino_t2
D:2:      layout_basic, st_stairs_2, hangedman_glass_teeth
D:3:      layout_basic, hellmonk_ghost_happy_afterlife, minmay_quadrilaterals
D:4:      layout_loops_ring, old_standard_altar,
          minmay_temple_entry_enclosed_plants, corexii_checkpoint_a
D:5:      layout_layer_cave, nicolae_shop_self_help
D:6:      layout_loops_cross, mainiacjoe_overflow_brackets, serial_shops, shop,
          nicolae_water_bricks, grunt_decor_one_mirror, uniq_pikel
D:7:      layout_basic, uniq_prince_ribbit1
D:8:      layout_gridville, lemuel_mausoleum_altar_yredelemnul,
          corexii_checkpoint_a, uniq_jeremiah
Temple:   eino_temple_lava

Skill      XL: |  1  2  3  4  5  6  7  8  9 |
---------------+----------------------------+-----
Shapeshifting  | 4 |  4.4
Unarmed Combat | 4 5 6 8 11 | 11.0
Fighting       | 7 |  7.1
Dodging        | |  2.0

Action                     |  1- 3 |  4- 6 |  7- 9 || total
---------------------------+-------+-------+-------++-------
  Melee: Unarmed           |    79 |    91 |   148 ||   318
         Constrict         |    20 |    24 |    28 ||    72
         Tentacles         |     9 |    14 |    39 ||    62
         Punch             |     4 |     2 |    13 ||    19
Ability: Begin Untransform |     1 |       |       ||     1
    Use: Scroll            |     4 |     8 |     7 ||    19
         Potion            |       |     1 |     5 ||     6
   Stab: Sleeping          |     7 |     7 |     2 ||    16
         Invisible         |       |       |     1 ||     1
 Armour: Skin              |    23 |    22 |    52 ||    97
  Dodge: Dodged            |    44 |    44 |    59 ||   147
  Block: Other             |       |    11 |    28 ||    39
         Reflection        |       |       |     3 ||     3

Table legend: (Time is in decaauts)
 A = Elapsed time spent in this place.
 B = Non-inter-level travel time spent in this place.
 C = Inter-level travel time spent in this place.
 D = Time resting spent in this place.
 E = Time spent auto-exploring this place.
 F = Levels seen in this place.
 G = Mean time per level.
                   A        B        C        D        E       F      G
               +--------+--------+--------+--------+--------+-----+--------+
         Total |   5819 |   5590 |    229 |    905 |   3772 |   9 |  646.6 |
       Dungeon |   5818 |   5589 |    229 |    905 |   3772 |   8 |  727.2 |
        Temple |      1 |      1 |      0 |      0 |      0 |   1 |    1.0 |
               +--------+--------+--------+--------+--------+-----+--------+

Top non-repeatable levels by time:
     D:7: 1690 daAuts
     D:3: 850 daAuts
     D:5: 786 daAuts
     D:4: 781 daAuts
     D:1: 584 daAuts
     D:6: 521 daAuts
     D:2: 436 daAuts
     D:8: 166 daAuts
  Temple: 1 daAuts
